3024 views
Uploaded 2020-03-28 00:22:07
Game version 1.32.3
23:40 long 3on3 ladder game on (6)Monsoon_LV
Saved by BEARAND
3024 views
Uploaded 2020-03-28 00:22:07
Game version 1.32.3
23:40 long 3on3 ladder game on (6)Monsoon_LV


60 units @ 6.7k
/ 0.4k
176 buildings @ 11.7k
/ 5.1k



| Orb of Corruption | 3 | 1125 |
| Boots of Speed | 3 | 750 |
| Staff of Teleportation | 3 | 450 |
| Periapt of Vitality | 1 | 325 |
| Staff of Sanctuary | 3 | 750 |
| total: | 13 | 3400g |
| Acolyte | 7 | 525 | / | 0 |
| Ghoul | 5 | 600 | / | 0 |
| Obsidian Statue | 2 | 400 | / | 70 |
| Crypt Fiend | 3 | 645 | / | 120 |
| total: | 17 | 2170g | / | 190w |
| Nerubian Tower | 3 | 300 | / | 60 |
| Spirit Tower | 3 | 435 | / | 120 |
| Crypt | 1 | 200 | / | 50 |
| Altar of Darkness | 1 | 180 | / | 50 |
| Ziggurat | 13 | 1950 | / | 650 |
| Graveyard | 1 | 215 | / | 0 |
| Necropolis | 2 | 450 | / | 0 |
| Tomb of Relics | 1 | 130 | / | 30 |
| Slaughterhouse | 1 | 140 | / | 135 |
| Halls of the Dead | 1 | 320 | / | 210 |
| Black Citadel | 1 | 325 | / | 230 |
| total: | 20 | 3265g | / | 915w |
| 0:03 | Acolyte |
| 0:09 | Crypt |
| 0:13 | Altar of Darkness |
| 0:15 | Acolyte |
| 0:33 | Ziggurat |
| 0:35 | Ziggurat |
| 1:11 | Ghoul |
| 1:31 | Ghoul |
| 1:32 | Ghoul |
| 1:46 | Ghoul |
| 1:57 | Nerubian Tower |
| 2:23 | Death Coil |
| 2:30 | Ziggurat |
| 3:38 | Ghoul |
| 4:24 | Unholy Aura |
| 4:29 | Halls of the Dead |
| 4:37 | Graveyard |
| 4:50 | Necropolis |
| 6:20 | Spirit Tower |
| 6:44 | Boots of Speed |
| 6:44 | Staff of Teleportation |
| 7:11 | Black Citadel |
| 7:51 | Death Coil |
| 7:59 | Frost Nova |
| 8:10 | Acolyte |
| 8:10 | Acolyte |
| 8:10 | Acolyte |
| 8:11 | Acolyte |
| 8:11 | Acolyte |
| 8:19 | Ziggurat |
| 9:02 | Tomb of Relics |
| 9:44 | Spirit Tower |
| 10:18 | Silence |
| 10:33 | Orb of Corruption |
| 11:08 | Ziggurat |
| 11:09 | Ziggurat |
| 11:09 | Ziggurat |
| 11:12 | Staff of Sanctuary |
| 11:40 | Slaughterhouse |
| 12:01 | Boots of Speed |
| 12:02 | Staff of Teleportation |
| 12:08 | Periapt of Vitality |
| 12:25 | Boots of Speed |
| 12:27 | Frost Armor |
| 13:42 | Unholy Aura |
| 14:06 | Staff of Sanctuary |
| 14:18 | Spirit Tower |
| 14:20 | Ziggurat |
| 14:24 | Ziggurat |
| 14:30 | Ziggurat |
| 14:43 | Staff of Sanctuary |
| 14:45 | Orb of Corruption |
| 15:01 | Obsidian Statue |
| 15:01 | Obsidian Statue |
| 15:39 | Staff of Teleportation |
| 15:46 | Nerubian Tower |
| 15:58 | Ziggurat |
| 16:24 | Web |
| 16:25 | Crypt Fiend |
| 17:09 | Crypt Fiend |
| 17:09 | Crypt Fiend |
| 17:10 | Burrow |
| 17:20 | Creature Carapace |
| 17:33 | Nerubian Tower |
| 17:35 | Orb of Corruption |
| 18:59 | Life Drain |
| 21:08 | Necropolis |
| 21:45 | Frost Nova |
| 23:34 | Ziggurat |
| 23:38 | Ziggurat |
| Right click | 1644 |
| Select group | 898 |
| Select | 237 |
| Build/train/purchase | 147 |
| Use ability | 69 |
| Resource trade | 66 |
| Minimap ping | 26 |
| Misc. action | 25 |
| Assign group | 20 |
| Chat | 20 |
| Item give/drop | 7 |



| Staff of Sanctuary | 4 | 1000 |
| Scroll of Town Portal | 1 | 350 |
| Staff of Teleportation | 2 | 300 |
| Boots of Speed | 3 | 750 |
| Periapt of Vitality | 1 | 325 |
| Potion of Invisibility | 1 | 100 |
| Orb of Corruption | 2 | 750 |
| total: | 14 | 3575g |
| Peasant | 15 | 1125 | / | 0 |
| Priest | 1 | 135 | / | 10 |
| Sorceress | 1 | 155 | / | 20 |
| Dragonhawk Rider | 2 | 400 | / | 60 |
| total: | 19 | 1815g | / | 90w |
| Scout Tower | 122 | 3660 | / | 2440 |
| Arcane Tower | 7 | 490 | / | 350 |
| Guard Tower | 90 | 6300 | / | 4500 |
| Altar of Kings | 1 | 180 | / | 50 |
| Farm | 7 | 560 | / | 140 |
| Lumber Mill | 3 | 360 | / | 0 |
| Arcane Vault | 5 | 650 | / | 150 |
| Town Hall | 1 | 385 | / | 205 |
| Blacksmith | 1 | 140 | / | 60 |
| Barracks | 1 | 160 | / | 60 |
| Arcane Sanctum | 1 | 150 | / | 140 |
| Gryphon Aviary | 2 | 280 | / | 300 |
| Keep | 1 | 320 | / | 210 |
| Castle | 1 | 360 | / | 210 |
| total: | 144 | 6525g | / | 3545w |
| 0:02 | Peasant |
| 0:02 | Peasant |
| 0:07 | Altar of Kings |
| 0:13 | Peasant |
| 0:20 | Farm |
| 0:25 | Lumber Mill |
| 0:26 | Peasant |
| 0:39 | Peasant |
| 0:54 | Lumber Mill |
| 0:57 | Peasant |
| 1:03 | Peasant |
| 1:24 | Scout Tower |
| 1:29 | Scout Tower |
| 1:31 | Scout Tower |
| 1:35 | Farm |
| 1:36 | Peasant |
| 1:39 | Peasant |
| 1:44 | Scout Tower |
| 1:47 | Scout Tower |
| 1:50 | Arcane Tower |
| 1:51 | Scout Tower |
| 1:57 | Arcane Tower |
| 2:00 | Peasant |
| 2:01 | Peasant |
| 2:01 | Peasant |
| 2:02 | Arcane Tower |
| 2:05 | Scout Tower |
| 2:06 | Blizzard |
| 2:17 | Peasant |
| 2:18 | Guard Tower |
| 2:19 | Scout Tower |
| 2:21 | Scout Tower |
| 2:24 | Guard Tower |
| 2:31 | Peasant |
| 2:35 | Scout Tower |
| 2:38 | Scout Tower |
| 2:41 | Scout Tower |
| 2:41 | Guard Tower |
| 2:44 | Scout Tower |
| 2:54 | Guard Tower |
| 3:31 | Scout Tower |
| 3:54 | Guard Tower |
| 3:55 | Guard Tower |
| 3:56 | Guard Tower |
| 3:57 | Scout Tower |
| 3:57 | Scout Tower |
| 3:58 | Keep |
| 4:00 | Guard Tower |
| 4:00 | Guard Tower |
| 4:01 | Scout Tower |
| 4:02 | Scout Tower |
| 4:03 | Scout Tower |
| 4:03 | Scout Tower |
| 4:07 | Farm |
| 4:07 | Farm |
| 4:09 | Improved Masonry |
| 4:10 | Farm |
| 4:11 | Farm |
| 4:20 | Brilliance Aura |
| 4:27 | Guard Tower |
| 4:29 | Scout Tower |
| 4:29 | Scout Tower |
| 4:32 | Guard Tower |
| 4:35 | Scout Tower |
| 4:37 | Scout Tower |
| 4:38 | Guard Tower |
| 5:10 | Guard Tower |
| 5:19 | Guard Tower |
| 5:21 | Guard Tower |
| 6:13 | Guard Tower |
| 6:22 | Scout Tower |
| 6:22 | Scout Tower |
| 6:22 | Scout Tower |
| 6:24 | Guard Tower |
| 6:25 | Scout Tower |
| 6:25 | Scout Tower |
| 6:26 | Scout Tower |
| 6:26 | Scout Tower |
| 6:28 | Guard Tower |
| 6:30 | Scout Tower |
| 6:30 | Scout Tower |
| 6:31 | Scout Tower |
| 6:31 | Scout Tower |
| 6:34 | Castle |
| 6:34 | Advanced Masonry |
| 6:36 | Improved Lumber Harvesting |
| 6:45 | Staff of Teleportation |
| 6:47 | Boots of Speed |
| 6:51 | Arcane Vault |
| 7:03 | Guard Tower |
| 7:05 | Guard Tower |
| 7:19 | Storm Bolt |
| 7:55 | Guard Tower |
| 7:56 | Scout Tower |
| 7:57 | Scout Tower |
| 8:00 | Town Hall |
| 8:03 | Scout Tower |
| 8:04 | Scout Tower |
| 8:04 | Scout Tower |
| 8:05 | Scout Tower |
| 8:13 | Arcane Vault |
| 8:40 | Arcane Sanctum |
| 8:43 | Blizzard |
| 8:45 | Bash |
| 8:49 | Guard Tower |
| 8:50 | Guard Tower |
| 8:51 | Arcane Vault |
| 8:52 | Scout Tower |
| 8:53 | Scout Tower |
| 8:53 | Scout Tower |
| 8:55 | Guard Tower |
| 8:55 | Guard Tower |
| 8:57 | Arcane Vault |
| 8:59 | Scout Tower |
| 9:00 | Scout Tower |
| 9:00 | Scout Tower |
| 9:06 | Guard Tower |
| 9:06 | Guard Tower |
| 9:07 | Scout Tower |
| 9:08 | Scout Tower |
| 9:08 | Scout Tower |
| 9:17 | Peasant |
| 10:23 | Guard Tower |
| 10:24 | Priest |
| 10:25 | Magic Sentry |
| 10:25 | Imbued Masonry |
| 10:27 | Guard Tower |
| 10:50 | Staff of Sanctuary |
| 10:58 | Holy Light |
| 11:03 | Staff of Sanctuary |
| 11:20 | Guard Tower |
| 11:20 | Guard Tower |
| 11:22 | Guard Tower |
| 11:23 | Guard Tower |
| 11:24 | Guard Tower |
| 11:26 | Scout Tower |
| 11:33 | Arcane Tower |
| 11:33 | Arcane Tower |
| 11:34 | Scout Tower |
| 11:35 | Scout Tower |
| 11:35 | Scout Tower |
| 11:37 | Arcane Tower |
| 11:39 | Guard Tower |
| 11:57 | Scout Tower |
| 11:58 | Scout Tower |
| 11:58 | Scout Tower |
| 11:59 | Scout Tower |
| 12:01 | Guard Tower |
| 12:03 | Scout Tower |
| 12:04 | Scout Tower |
| 12:05 | Scout Tower |
| 12:05 | Scout Tower |
| 12:06 | Scout Tower |
| 12:06 | Scout Tower |
| 12:07 | Scout Tower |
| 12:08 | Scout Tower |
| 12:09 | Scout Tower |
| 12:09 | Scout Tower |
| 12:11 | Scout Tower |
| 12:11 | Scout Tower |
| 12:12 | Scout Tower |
| 12:12 | Scout Tower |
| 12:33 | Boots of Speed |
| 12:34 | Staff of Teleportation |
| 12:34 | Boots of Speed |
| 12:52 | Staff of Sanctuary |
| 12:52 | Staff of Sanctuary |
| 13:04 | Guard Tower |
| 13:04 | Guard Tower |
| 13:07 | Scout Tower |
| 13:08 | Scout Tower |
| 13:09 | Scout Tower |
| 13:09 | Scout Tower |
| 13:12 | Advanced Lumber Harvesting |
| 13:13 | Priest Adept Training |
| 13:14 | Sorceress |
| 13:29 | Guard Tower |
| 13:30 | Guard Tower |
| 13:31 | Guard Tower |
| 13:42 | Guard Tower |
| 13:43 | Guard Tower |
| 13:49 | Arcane Vault |
| 13:53 | Scout Tower |
| 13:53 | Scout Tower |
| 13:54 | Scout Tower |
| 13:54 | Scout Tower |
| 13:54 | Scout Tower |
| 13:55 | Scout Tower |
| 14:04 | Guard Tower |
| 14:05 | Guard Tower |
| 14:13 | Scout Tower |
| 14:14 | Scout Tower |
| 14:27 | Guard Tower |
| 14:27 | Guard Tower |
| 14:27 | Guard Tower |
| 14:44 | Guard Tower |
| 14:45 | Guard Tower |
| 14:52 | Guard Tower |
| 14:52 | Guard Tower |
| 15:15 | Guard Tower |
| 15:30 | Guard Tower |
| 15:30 | Guard Tower |
| 15:33 | Gryphon Aviary |
| 15:35 | Gryphon Aviary |
| 15:37 | Blacksmith |
| 15:37 | Barracks |
| 15:38 | Guard Tower |
| 15:51 | Scout Tower |
| 15:51 | Scout Tower |
| 15:52 | Scout Tower |
| 15:52 | Scout Tower |
| 15:53 | Scout Tower |
| 15:54 | Scout Tower |
| 16:01 | Guard Tower |
| 16:03 | Guard Tower |
| 16:05 | Scout Tower |
| 16:05 | Scout Tower |
| 16:06 | Scout Tower |
| 16:07 | Scout Tower |
| 16:07 | Scout Tower |
| 16:08 | Scout Tower |
| 16:08 | Scout Tower |
| 16:09 | Scout Tower |
| 16:12 | Scout Tower |
| 16:13 | Scout Tower |
| 16:13 | Scout Tower |
| 16:14 | Scout Tower |
| 16:14 | Scout Tower |
| 16:15 | Scout Tower |
| 16:15 | Scout Tower |
| 16:15 | Scout Tower |
| 16:16 | Scout Tower |
| 16:17 | Guard Tower |
| 16:25 | Periapt of Vitality |
| 16:50 | Orb of Corruption |
| 16:56 | Guard Tower |
| 16:58 | Guard Tower |
| 16:58 | Guard Tower |
| 17:07 | Orb of Corruption |
| 17:17 | Potion of Invisibility |
| 17:22 | Scroll of Town Portal |
| 17:35 | Guard Tower |
| 17:35 | Guard Tower |
| 17:40 | Scout Tower |
| 17:41 | Scout Tower |
| 17:41 | Scout Tower |
| 17:42 | Scout Tower |
| 17:42 | Scout Tower |
| 17:43 | Scout Tower |
| 17:44 | Scout Tower |
| 17:44 | Scout Tower |
| 17:45 | Scout Tower |
| 17:46 | Scout Tower |
| 17:46 | Scout Tower |
| 18:00 | Animal War Training |
| 18:02 | Iron Forged Swords |
| 18:02 | Studded Leather Armor |
| 18:03 | Dragonhawk Rider |
| 18:04 | Dragonhawk Rider |
| 18:04 | Farm |
| 19:50 | Scout Tower |
| 19:51 | Scout Tower |
| 19:51 | Scout Tower |
| 19:51 | Scout Tower |
| 19:54 | Guard Tower |
| 19:55 | Guard Tower |
| 19:59 | Guard Tower |
| 20:32 | Guard Tower |
| 20:37 | Guard Tower |
| 20:41 | Lumber Mill |
| 21:02 | Guard Tower |
| 21:19 | Divine Shield |
| 21:40 | Storm Bolt |
| 23:38 | Guard Tower |
| Right click | 2120 |
| Select | 639 |
| Select group | 346 |
| Build/train/purchase | 233 |
| Use ability | 56 |
| Chat | 54 |
| Assign group | 19 |
| Misc. action | 11 |
| Item give/drop | 6 |
| Minimap ping | 4 |
| Remove unit | 1 |



| Rod of Necromancy | 1 | 150 |
| Sacrificial Skull | 4 | 200 |
| Orb of Corruption | 3 | 1125 |
| Boots of Speed | 3 | 750 |
| Staff of Teleportation | 3 | 450 |
| Circlet of Nobility | 1 | 175 |
| Staff of Sanctuary | 3 | 750 |
| Scroll of Regeneration | 1 | 100 |
| total: | 19 | 3700g |
| Acolyte | 12 | 900 | / | 0 |
| Ghoul | 8 | 960 | / | 0 |
| Obsidian Statue | 2 | 400 | / | 70 |
| Crypt Fiend | 2 | 430 | / | 80 |
| total: | 24 | 2690g | / | 150w |
| Nerubian Tower | 1 | 100 | / | 20 |
| Spirit Tower | 2 | 290 | / | 80 |
| Crypt | 1 | 200 | / | 50 |
| Altar of Darkness | 1 | 180 | / | 50 |
| Ziggurat | 6 | 900 | / | 300 |
| Tomb of Relics | 2 | 260 | / | 60 |
| Graveyard | 1 | 215 | / | 0 |
| Slaughterhouse | 1 | 140 | / | 135 |
| Halls of the Dead | 1 | 320 | / | 210 |
| Black Citadel | 1 | 325 | / | 230 |
| total: | 12 | 1895g | / | 595w |
| 0:02 | Acolyte |
| 0:10 | Crypt |
| 0:14 | Acolyte |
| 0:32 | Altar of Darkness |
| 0:35 | Ziggurat |
| 1:00 | Tomb of Relics |
| 1:12 | Ghoul |
| 1:23 | Ziggurat |
| 1:39 | Ghoul |
| 1:55 | Ghoul |
| 2:10 | Ghoul |
| 2:28 | Ghoul |
| 2:34 | Death Coil |
| 2:35 | Rod of Necromancy |
| 2:36 | Sacrificial Skull |
| 2:55 | Graveyard |
| 3:29 | Ghoul |
| 4:21 | Unholy Aura |
| 4:29 | Halls of the Dead |
| 4:41 | Ghoul |
| 5:10 | Ghoul |
| 6:11 | Nerubian Tower |
| 6:15 | Ziggurat |
| 6:59 | Black Citadel |
| 7:14 | Tomb of Relics |
| 8:19 | Frost Nova |
| 8:28 | Death Coil |
| 9:09 | Boots of Speed |
| 9:09 | Boots of Speed |
| 9:12 | Staff of Teleportation |
| 9:34 | Acolyte |
| 9:34 | Acolyte |
| 9:34 | Acolyte |
| 10:55 | Acolyte |
| 10:55 | Acolyte |
| 11:04 | Slaughterhouse |
| 11:05 | Spirit Tower |
| 11:18 | Ziggurat |
| 12:25 | Orb of Corruption |
| 12:59 | Obsidian Statue |
| 12:59 | Obsidian Statue |
| 13:17 | Impale |
| 13:21 | Orb of Corruption |
| 13:30 | Boots of Speed |
| 14:04 | Staff of Teleportation |
| 15:01 | Orb of Corruption |
| 15:15 | Staff of Sanctuary |
| 15:25 | Acolyte |
| 15:27 | Spirit Tower |
| 15:34 | Web |
| 16:08 | Crypt Fiend |
| 16:28 | Sacrificial Skull |
| 16:33 | Crypt Fiend |
| 16:34 | Burrow |
| 16:38 | Creature Carapace |
| 16:56 | Sacrificial Skull |
| 17:30 | Sacrificial Skull |
| 17:46 | Ziggurat |
| 17:52 | Ziggurat |
| 18:11 | Staff of Teleportation |
| 18:13 | Circlet of Nobility |
| 18:58 | Frost Armor |
| 19:59 | Scroll of Regeneration |
| 20:08 | Staff of Sanctuary |
| 20:16 | Acolyte |
| 20:16 | Acolyte |
| 20:56 | Staff of Sanctuary |
| 22:03 | Unholy Aura |
| 22:47 | Spiked Carapace |
| 23:00 | Acolyte |
| 23:34 | Acolyte |
| Right click | 1631 |
| Select group | 779 |
| Assign group | 450 |
| Select | 292 |
| Resource trade | 97 |
| Build/train/purchase | 89 |
| Use ability | 73 |
| Misc. action | 17 |
| Chat | 13 |
| Item give/drop | 6 |
| Remove unit | 2 |
| Minimap ping | 1 |
112 units @ 16.7k
/ 2.5k
61 buildings @ 8.9k
/ 3.7k


| Lesser Clarity Potion | 3 | 210 |
| Potion of Mana | 2 | 400 |
| Scroll of Town Portal | 1 | 350 |
| total: | 6 | 960g |
| Peon | 15 | 1125 | / | 0 |
| Grunt | 6 | 1200 | / | 0 |
| Troll Batrider | 8 | 1280 | / | 320 |
| Demolisher | 10 | 2200 | / | 500 |
| total: | 39 | 5805g | / | 820w |
| Watch Tower | 6 | 660 | / | 480 |
| Orc Burrow | 8 | 1280 | / | 320 |
| Barracks | 1 | 180 | / | 50 |
| Altar of Storms | 1 | 180 | / | 50 |
| Voodoo Lounge | 1 | 130 | / | 30 |
| War Mill | 1 | 205 | / | 0 |
| Great Hall | 2 | 770 | / | 370 |
| Spirit Lodge | 1 | 150 | / | 150 |
| Beastiary | 2 | 290 | / | 280 |
| Stronghold | 1 | 315 | / | 190 |
| Fortress | 1 | 325 | / | 190 |
| total: | 23 | 3845g | / | 1730w |
| 0:04 | Peon |
| 0:04 | Peon |
| 0:04 | Peon |
| 0:10 | Orc Burrow |
| 0:35 | Barracks |
| 0:45 | Altar of Storms |
| 0:52 | Peon |
| 0:54 | Peon |
| 1:32 | Orc Burrow |
| 1:40 | Grunt |
| 1:55 | Grunt |
| 2:14 | Voodoo Lounge |
| 2:28 | Grunt |
| 2:46 | Hex |
| 3:02 | Grunt |
| 3:18 | Stronghold |
| 3:26 | Orc Burrow |
| 3:46 | Grunt |
| 4:09 | Healing Wave |
| 4:20 | War Mill |
| 4:26 | Lesser Clarity Potion |
| 4:30 | Lesser Clarity Potion |
| 5:06 | Grunt |
| 5:40 | Berserker Strength |
| 5:48 | Lesser Clarity Potion |
| 5:51 | Potion of Mana |
| 6:38 | Spirit Lodge |
| 6:42 | Reinforced Defenses |
| 6:43 | Peon |
| 6:43 | Peon |
| 6:45 | Endurance Aura |
| 7:14 | Potion of Mana |
| 7:20 | Scroll of Town Portal |
| 7:58 | Shaman Adept Training |
| 8:04 | Healing Wave |
| 8:17 | Fortress |
| 9:42 | Great Hall |
| 9:43 | Watch Tower |
| 10:01 | Great Hall |
| 10:08 | Beastiary |
| 10:11 | Beastiary |
| 10:36 | Orc Burrow |
| 10:40 | Shaman Master Training |
| 10:44 | Peon |
| 10:44 | Peon |
| 10:44 | Peon |
| 10:45 | Peon |
| 11:16 | Watch Tower |
| 11:36 | Orc Burrow |
| 11:49 | Troll Batrider |
| 12:24 | Troll Batrider |
| 12:55 | Watch Tower |
| 12:56 | Peon |
| 12:56 | Peon |
| 12:56 | Peon |
| 12:57 | Peon |
| 13:08 | Shockwave |
| 13:23 | Burning Oil |
| 13:24 | Demolisher |
| 13:24 | Demolisher |
| 13:34 | Orc Burrow |
| 13:50 | Liquid Fire |
| 14:12 | Troll Batrider |
| 14:14 | Demolisher |
| 14:57 | Watch Tower |
| 15:01 | Demolisher |
| 15:04 | Troll Batrider |
| 15:16 | Orc Burrow |
| 15:53 | Steel Ranged Weapons |
| 16:02 | Watch Tower |
| 16:22 | Orc Burrow |
| 16:36 | Demolisher |
| 17:07 | Watch Tower |
| 17:11 | Demolisher |
| 19:30 | Demolisher |
| 19:30 | Demolisher |
| 20:37 | Demolisher |
| 20:37 | Demolisher |
| 20:40 | Troll Batrider |
| 20:40 | Troll Batrider |
| 20:40 | Troll Batrider |
| 21:22 | Troll Batrider |
| Right click | 587 |
| Select | 215 |
| Select group | 95 |
| Build/train/purchase | 69 |
| Use ability | 24 |
| Minimap ping | 8 |
| Assign group | 7 |
| Misc. action | 2 |


| Scroll of Regeneration | 2 | 200 |
| Lesser Clarity Potion | 2 | 140 |
| Orb of Fire | 1 | 325 |
| Scroll of Town Portal | 3 | 1050 |
| total: | 8 | 1715g |
| Peasant | 9 | 675 | / | 0 |
| Footman | 2 | 270 | / | 0 |
| Rifleman | 15 | 3075 | / | 450 |
| Mortar Team | 3 | 540 | / | 210 |
| Flying Machine | 13 | 1300 | / | 390 |
| total: | 42 | 5860g | / | 1050w |
| Scout Tower | 3 | 90 | / | 60 |
| Guard Tower | 2 | 140 | / | 100 |
| Altar of Kings | 1 | 180 | / | 50 |
| Barracks | 2 | 320 | / | 120 |
| Farm | 13 | 1040 | / | 260 |
| Blacksmith | 1 | 140 | / | 60 |
| Arcane Vault | 1 | 130 | / | 30 |
| Lumber Mill | 1 | 120 | / | 0 |
| Town Hall | 1 | 385 | / | 205 |
| Workshop | 2 | 280 | / | 280 |
| Keep | 1 | 320 | / | 210 |
| Castle | 1 | 360 | / | 210 |
| total: | 25 | 2685g | / | 1065w |
| 0:11 | Peasant |
| 0:11 | Peasant |
| 0:35 | Peasant |
| 0:44 | Altar of Kings |
| 0:49 | Barracks |
| 0:54 | Peasant |
| 0:58 | Farm |
| 1:07 | Peasant |
| 1:23 | Peasant |
| 1:37 | Farm |
| 1:52 | Blacksmith |
| 1:54 | Footman |
| 2:12 | Arcane Vault |
| 2:18 | Farm |
| 2:20 | Footman |
| 2:33 | Scout Tower |
| 2:40 | Peasant |
| 3:10 | Lumber Mill |
| 3:16 | Rifleman |
| 3:28 | Storm Bolt |
| 3:40 | Rifleman |
| 3:57 | Rifleman |
| 4:19 | Keep |
| 4:21 | Guard Tower |
| 4:36 | Farm |
| 4:57 | Bash |
| 5:18 | Scout Tower |
| 5:21 | Scout Tower |
| 5:23 | Rifleman |
| 5:54 | Guard Tower |
| 6:39 | Storm Bolt |
| 6:52 | Rifleman |
| 6:56 | Farm |
| 7:01 | Barracks |
| 7:03 | Farm |
| 7:07 | Farm |
| 7:10 | Black Gunpowder |
| 7:55 | Summon Lava Spawn |
| 8:20 | Farm |
| 8:24 | Rifleman |
| 9:02 | Workshop |
| 9:40 | Rifleman |
| 9:55 | Soul Burn |
| 10:08 | Long Rifles |
| 10:42 | Bash |
| 10:57 | Workshop |
| 10:58 | Mortar Team |
| 10:58 | Mortar Team |
| 11:06 | Flying Machine |
| 11:06 | Flying Machine |
| 11:08 | Refined Gunpowder |
| 11:08 | Iron Plating |
| 11:12 | Farm |
| 11:13 | Farm |
| 11:37 | Flying Machine |
| 11:37 | Flying Machine |
| 11:37 | Flying Machine |
| 11:51 | Farm |
| 11:54 | Improved Masonry |
| 11:57 | Farm |
| 12:33 | Rifleman |
| 13:10 | Rifleman |
| 13:14 | Rifleman |
| 13:17 | Flying Machine |
| 13:24 | Scroll of Regeneration |
| 13:25 | Lesser Clarity Potion |
| 13:28 | Summon Lava Spawn |
| 13:33 | Farm |
| 13:35 | Flying Machine |
| 14:51 | Town Hall |
| 15:36 | Flying Machine |
| 15:36 | Flying Machine |
| 16:30 | Scroll of Town Portal |
| 16:42 | Flak Cannons |
| 16:57 | Peasant |
| 16:58 | Peasant |
| 17:09 | Flying Machine |
| 17:51 | Rifleman |
| 18:02 | Improved Lumber Harvesting |
| 19:30 | Rifleman |
| 19:36 | Scroll of Town Portal |
| 19:37 | Scroll of Regeneration |
| 19:40 | Lesser Clarity Potion |
| 19:59 | Rifleman |
| 20:06 | Flying Machine |
| 20:06 | Flying Machine |
| 20:26 | Castle |
| 21:01 | Mortar Team |
| 22:51 | Flying Machine |
| 22:57 | Rifleman |
| 23:09 | Scroll of Town Portal |
| 23:10 | Orb of Fire |
| 23:28 | Rifleman |
| Right click | 393 |
| Select group | 237 |
| Select | 189 |
| Misc. action | 144 |
| Build/train/purchase | 91 |
| Use ability | 26 |
| Assign group | 12 |
| Item give/drop | 6 |
| Minimap ping | 5 |
| Remove unit | 3 |


| Healing Salve | 1 | 100 |
| Potion of Healing | 2 | 300 |
| Scroll of Town Portal | 1 | 350 |
| total: | 4 | 750g |
| Peon | 9 | 675 | / | 0 |
| Grunt | 6 | 1200 | / | 0 |
| Spirit Walker | 1 | 195 | / | 35 |
| Troll Witch Doctor | 8 | 1160 | / | 200 |
| Tauren | 4 | 1120 | / | 320 |
| Demolisher | 2 | 440 | / | 100 |
| Gnoll Brute | 1 | 215 | / | 20 |
| total: | 31 | 5005g | / | 675w |
| Altar of Storms | 1 | 180 | / | 50 |
| Orc Burrow | 6 | 960 | / | 240 |
| Barracks | 1 | 180 | / | 50 |
| Voodoo Lounge | 1 | 130 | / | 30 |
| War Mill | 1 | 205 | / | 0 |
| Great Hall | 1 | 385 | / | 185 |
| Tauren Totem | 1 | 135 | / | 155 |
| Spirit Lodge | 1 | 150 | / | 150 |
| Stronghold | 1 | 315 | / | 190 |
| Fortress | 1 | 325 | / | 190 |
| total: | 13 | 2325g | / | 860w |
| 0:12 | Altar of Storms |
| 0:15 | Peon |
| 0:16 | Peon |
| 0:36 | Orc Burrow |
| 0:42 | Peon |
| 1:00 | Peon |
| 1:20 | Barracks |
| 1:37 | Voodoo Lounge |
| 1:39 | Peon |
| 2:00 | Orc Burrow |
| 2:03 | Peon |
| 2:03 | Peon |
| 2:27 | Grunt |
| 2:28 | Grunt |
| 2:39 | Feral Spirit |
| 2:48 | Healing Salve |
| 3:00 | Orc Burrow |
| 3:29 | Grunt |
| 3:41 | War Mill |
| 4:20 | Orc Burrow |
| 4:23 | Stronghold |
| 4:50 | Chain Lighting |
| 5:09 | Steel Armor |
| 5:11 | Grunt |
| 5:23 | Gnoll Brute |
| 6:32 | Steel Melee Weapons |
| 6:51 | Tauren Totem |
| 7:04 | Spirit Lodge |
| 7:36 | Potion of Healing |
| 8:19 | Spirit Walker |
| 8:25 | Fortress |
| 8:29 | Troll Witch Doctor |
| 8:29 | Witch Doctor Adept Training |
| 8:40 | Healing Wave |
| 8:59 | Berserker Strength |
| 9:01 | Grunt |
| 10:12 | Troll Witch Doctor |
| 10:38 | Troll Witch Doctor |
| 11:03 | Tauren |
| 11:04 | Witch Doctor Master Training |
| 11:47 | Thorium Armor |
| 11:57 | Orc Burrow |
| 12:02 | Feral Spirit |
| 12:06 | Serpent Ward |
| 13:03 | Tauren |
| 13:45 | Orc Burrow |
| 13:47 | Spiked Barricades |
| 14:09 | Demolisher |
| 14:29 | Potion of Healing |
| 14:47 | Scroll of Town Portal |
| 15:01 | Pulverize |
| 15:02 | Tauren |
| 15:04 | Troll Witch Doctor |
| 15:05 | Troll Witch Doctor |
| 16:16 | Great Hall |
| 18:06 | Thorium Melee Weapons |
| 19:14 | Troll Witch Doctor |
| 19:14 | Troll Witch Doctor |
| 20:49 | Grunt |
| 20:51 | Demolisher |
| 20:52 | Tauren |
| 20:53 | Troll Witch Doctor |
| 21:02 | Peon |
| 21:03 | Peon |
| Right click | 400 |
| Select group | 219 |
| Select | 173 |
| Build/train/purchase | 64 |
| Use ability | 28 |
| Assign group | 21 |
| Minimap ping | 3 |
⇛